 Dungeon Crawl Stone Soup version 0.29-a0-892-g2c4c91d9db (webtiles) character file.

Game seed: 9667090850675838983

581 ShaftsBadDesign the Insei (level 7, -4/48 HPs)
             Began as an Octopode Transmuter on July 23, 2022.
             Slain by an iguana (10 damage)
             ... on level 5 of the Dungeon.
             The game lasted 00:08:51 (5268 turns).

ShaftsBadDesign the Insei (Octopode Transmuter)     Turns: 5268, Time: 00:08:52

Health: -4/48      AC:  1    Str:  9    XL:     7   Next: 36%
Magic:  15/19      EV: 14    Int: 18    God:
Gold:   284        SH:  0    Dex: 12    Spells: 4/10 levels left

rFire   . . .      SeeInvis .     - Unarmed
rCold   . . .      Faith    .   (no shield)
rNeg    . . .      Spirit   .   (helmet restricted)
rPois   .          Reflect  .   (no amulet)
rElec   .          Harm     .   e - ring of magical power
rCorr   .          Rampage  .   (no ring)
Will    .....                   (no ring)
Stlth   +++.......              (no ring)
HPRegen 0.16/turn               (no ring)
MPRegen 0.16/turn               (no ring)
                                (no ring)
                                (no ring)

@: very slightly contaminated
A: almost no armour, amphibious, 8 rings, camouflage 1, gelatinous body 1,
(nimble swimmer 1), tentacles
a: no special abilities


You were on level 5 of the Dungeon.
You visited 1 branch of the dungeon, and saw 6 of its levels.
You also visited: Sewer.

You collected 284 gold pieces.

Inventory:

Missiles
 p - 8 poisoned darts
Jewellery
 e - a ring of magical power (left tentacle)
 h - a ring of fire
 m - an amulet of faith
Scrolls
 b - 2 scrolls of blinking {!d}
 c - 4 scrolls of teleportation {!d!d}
 i - 2 scrolls of vulnerability
 j - a scroll of butterflies
 k - 2 scrolls of fear {unknown}
 o - a scroll of noise {unknown}
Potions
 a - a potion of resistance {unknown}
 d - 4 potions of heal wounds {unknown}
 f - 3 potions of flight {unknown}
 g - 3 potions of curing {unknown}
 l - 2 potions of attraction {unknown}
 n - a potion of lignification {!d}


   Skills:
 + Level 4.0 Fighting
 + Level 4.3 Dodging
 - Level 2.0 Stealth
 + Level 4.9 Unarmed Combat
 - Level 2.0 Spellcasting
 + Level 2.7 Transmutations
 + Level 1.4 Ice Magic
 - Level 1.0 Poison Magic


You had 4 spell levels left.
You knew the following spells:

 Your Spells              Type           Power      Damage    Failure   Level
a - Beastly Appendage     Tmut           22%        N/A       6%          1
b - Wereblood             Tmut           11%        N/A       9%          2
c - Spider Form           Tmut/Pois      8%         N/A       26%         3

Your spell library contained the following spells:

 Spells                   Type           Power      Damage    Failure   Level
 Freeze                   Ice            24%        1d5       11%         1
 Summon Small Mammal      Summ           4%         N/A       19%         1
 Frozen Ramparts          Ice            12%        1d3       30%         3
 Call Canine Familiar     Summ           1%         N/A       47%         3
 Summon Guardian Golem    Hex/Summ       1%         N/A       47%         3
 Ice Form                 Ice/Tmut       9%         N/A       61%         4
 Hailstorm                Conj/Ice       4%         3d4       80%         4
 Summon Forest            Summ/Tloc      0%         N/A       99%         5
 Summon Mana Viper        Hex/Summ       1%         N/A       99%         5
 Summon Cactus Giant      Summ           0%         N/A       100%        6


Dungeon Overview and Level Annotations

Branches:
Dungeon (6/15) Zot: 26982   Sewer (visited)
 Temple: D:4-7

Altars:
Elyvilon
Qazlal
Vehumet

Shops:
D:1 *   D:4 [

Annotations:
D:3 Grinder, Robin, Terence


Innate Abilities, Weirdness & Mutations

You cannot wear most types of armour.
You are amphibious.
You can wear up to eight rings at the same time.
Your skin changes colour to match your surroundings (Stealth+).
Your rubbery body absorbs attacks. (AC +1, EV +1)
((You are camouflaged when in or above water. (Stealth+)))
You have tentacles for arms and can constrict up to eight enemies at once.


Message History

You turn into a venomous arachnid creature.
Your transformation is almost over.
The ufetubus completely misses you. x2
You closely miss the ufetubus.
The iguana hisses angrily.
The ufetubus closely misses you. The ufetubus misses you.
You closely miss the ufetubus. The ufetubus completely misses you.
The ufetubus hits you.
You hit the ufetubus.
The ufetubus is poisoned.
The ufetubus is lightly wounded.
The ufetubus misses you. The ufetubus barely misses you.
The ufetubus hits you but does no damage.
The ufetubus hits you.
You hit the ufetubus.
You kill the ufetubus!
You barely miss the iguana.
Your transformation has ended.
The iguana bites you!
You closely miss the iguana. Your grab misses the iguana. The iguana bites you!
You are too injured to fight recklessly!
You miscast Spider Form.
You are very lightly contaminated with residual magic.
Nothing appears to happen.
The iguana barely misses you.
You closely miss the iguana. You grab the iguana.
You squeeze the iguana, but do no damage.
You constrict the iguana, but do no damage.
The iguana barely misses you.
You tentacle-slap the iguana. You squeeze the iguana.
The iguana is heavily wounded.
You constrict the iguana, but do no damage.
The iguana bites you.
You tentacle-slap the iguana but do no damage.
The iguana is heavily wounded.
You constrict the iguana. The iguana bites you!
* * * LOW HITPOINT WARNING * * *
You tentacle-slap the iguana but do no damage.
You squeeze the iguana.
The iguana is almost dead.
You constrict the iguana. The iguana bites you!
You die...

##.............
#..............
#..............
##..............
...............
#.....$.......
#.....l......
#....@.......
##..>........
#...........
##..........
#.........#
##.......##
##...>..#
#####.## .#


You could see an iguana.

Vanquished Creatures
  Sigmund (D:2)
  2 bullfrogs (Sewer)
  A hound (D:4)
  An iguana (D:4)
  A gnoll (D:6)
  10 adders
  An ufetubus (D:5)
  4 worms (D:2)
  2 dart slugs (D:2)
  3 orcs
  4 bats
  17 endoplasms
  5 giant cockroaches (Sewer)
  10 goblins
  2 hobgoblins (D:2)
  4 jackals (D:3)
  15 quokkas
  16 ball pythons
  13 frilled lizards
  5 kobolds
  2 rats (D:1)
119 creatures vanquished.

Notes
Turn   | Place    | Note
-------+----------+-------------------------------------------
     0 | D:1      | ShaftsBadDesign the Octopode Transmuter began the quest for
                  | the Orb.
     0 | D:1      | Reached XP level 1. HP: 13/13 MP: 3/3
    95 | D:1      | Found Ezuom's General Store.
   258 | D:1      | Reached skill level 1 in Stealth
   264 | D:1      | Reached XP level 2. HP: 10/18 MP: 3/5
   618 | D:1      | Reached skill level 1 in Poison Magic
   779 | D:1      | Found a faded altar of an unknown god.
  1325 | D:2      | Reached XP level 3. HP: 12/23 MP: 6/6
  2067 | D:2      | Reached XP level 4. HP: 19/29 MP: 5/7
  2177 | D:2      | Noticed Sigmund
  2195 | D:2      | Killed Sigmund
  2196 | D:2      | Reached XP level 5. HP: 27/36 MP: 8/8
  2380 | D:2      | Reached XP level 6. HP: 27/42 MP: 9/9
  3124 | D:3      | Learned a level 2 spell: Wereblood
  3128 | D:3      | Learned a level 3 spell: Spider Form
  3157 | D:3      | Found a stormy altar of Qazlal.
  3195 | D:3      | Noticed Robin
  3307 | D:3      | Noticed Grinder
  3307 | D:3      | Noticed Terence
  3342 | D:4      | Found a radiant altar of Vehumet.
  3500 | D:4      | Found Jischurch's Antique Armour Emporium.
  3564 | D:4      | Found a glowing drain.
  3573 | Sewer    | Entered a sewer
  4354 | Sewer    | Reached skill level 1 in Ice Magic
  4354 | Sewer    | Reached XP level 7. HP: 29/47 MP: 8/10
  5075 | D:4      | Found a white marble altar of Elyvilon.
  5093 | D:4      | You fall into a shaft and drop 2 floors!
  5250 | D:5      | Entered Level 5 of the Dungeon
  5268 | D:5      | Slain by an iguana

Illustrated notes

Levels and vault maps discovered:
D:1:      nicolae_arrival_washed_ashore, layout_basic,
          shapermc_ecumenical_altar_totnotflames, serial_shops,
          nicolae_shop_crystal
D:2:      layout_rooms, uniq_sigmund
D:3:      layout_rooms, mainiacjoe_overflow_24_doors, minmay_snake_closets,
          uniq_terence, uniq_natasha, uniq_robin, uniq_grinder
D:4:      layout_cave_pools, kennysheep_mini_moat, lemuel_doored_altar,
          serial_shops, shop_coins, portal_sewer_entry_d, grunt_ministairs_15,
          kennysheep_windowed_goal
D:5:      layout_cave_pods, mainiacjoe_overflow_chevrons,
          mainiacjoe_overflow_divided_tiny, mainiacjoe_overflow_six_doors_small,
          minmay_temple_entry_poolview
D:6:      layout_basic, mainiacjoe_overflow_catwalk,
          nicolae_overflow_crystal_walls, grunt_nemelex_the_gamble, minivault_24

Skill      XL: |  1  2  3  4  5  6  7 |
---------------+----------------------+-----
Stealth        | 1 2 |  2.0
Poison Magic   | 1 |  1.0
Fighting       | 2 3 4 |  4.0
Dodging        | 3 4 |  4.3
Unarmed Combat | 4 |  4.9
Ice Magic      | 1 |  1.4
Spellcasting   | |  2.0
Transmutations | |  2.7

Action                   |  1- 3 |  4- 6 |  7- 9 || total
-------------------------+-------+-------+-------++-------
Melee: Unarmed           |    67 |   147 |    43 ||   257
       Constrict         |    15 |    30 |     3 ||    48
       Kick              |    10 |    38 |     5 ||    53
       Tentacles         |     7 |    21 |     4 ||    32
       Punch             |     1 |     6 |     1 ||     8
 Cast: Beastly Appendage |    25 |    26 |     6 ||    57
       Wereblood         |       |     1 |       ||     1
       Spider Form       |       |       |     4 ||     4
  Use: Potion            |     1 |     1 |       ||     2
       Scroll            |       |     5 |       ||     5
 Stab: Sleeping          |     2 |    10 |     3 ||    15
Armor: Skin              |     7 |    10 |     2 ||    19
Dodge: Dodged            |    38 |    97 |    29 ||   164

Table legend: (Time is in decaauts)
 A = Elapsed time spent in this place.
 B = Non-inter-level travel time spent in this place.
 C = Inter-level travel time spent in this place.
 D = Time resting spent in this place.
 E = Time spent auto-exploring this place.
 F = Levels seen in this place.
 G = Mean time per level.
                   A        B        C        D        E       F      G
               +--------+--------+--------+--------+--------+-----+--------+
         Total |   5246 |   5175 |     71 |    876 |   3171 |   7 |  749.4 |
       Dungeon |   4162 |   4091 |     71 |    211 |   2998 |   6 |  693.7 |
         Sewer |   1084 |   1084 |      0 |    665 |    173 |   1 | 1084.0 |
               +--------+--------+--------+--------+--------+-----+--------+

Top non-repeatable levels by time:
     D:2: 1563 daAuts
     D:1: 1471 daAuts
   Sewer: 1084 daAuts
     D:4: 671 daAuts
     D:3: 282 daAuts
     D:6: 156 daAuts
     D:5: 16 daAuts
